AoeStats
← GGisk

Arena

504589109Analyzed
2v2 RM · 27d ago on Sep 5, 2026· 56m 40s· 4 players
Game mode
Random Map
Map size
Medium (4 player)
Population
200
Speed
Normal
Resources
Standard
Victory
Conquest
Starting age
Dark Age
Ending age
Imperial Age
RankedLock teamsTeams togetherTeam positionsShared explorationLock speedFull tech treeHidden civsTurbo modeCheats
Victory
Defeat
🇦🇷 Khmer · Argentina
855
+16
🇦🇷 Spanish · Argentina
813
+17
🇨🇱 Tupi · Chile
866
-17
🇨🇱 Hindustanis · Chile
825
-43
GGisk
5:24 Loom
11:45 Feudal Age
18:24 Castle Age
16:16 Double-Bit Axe
16:39 Horse Collar
19:40 Scale Barding Armor
20:11 Bow Saw
20:04 Heavy Plow
20:32 Gold Mining
22:18 Wheelbarrow
21:32 Town Watch
22:53 Forging
23:46 Hand Cart
26:57 Hand Cart
27:32 Town Patrol
28:11 Iron Casting
30:04 Chain Barding Armor
30:54 Caravan
35:23 Imperial Age
34:55 Husbandry
35:06 Bloodlines
35:53 Ballistics
35:31 Fletching
35:42 Padded Archer Armor
37:09 Blast Furnace
36:44 Plate Barding Armor
37:13 Chemistry
36:24 Fortified Wall
37:11 Stone Mining
37:22 Bodkin Arrow
39:18 Conscription
39:14 Cavalier
45:25 Onager
45:39 Elite Conquistador
47:36 Two-Man Saw
46:44 Elite Skirmisher
47:22 Paladin
49:20 Two-Man Saw
48:45 Bombard Tower
48:36 Bracer
51:00 Hoardings
51:13 Leather Archer Armor
52:17 Stone Shaft Mining
AA | Pibeee
9:15 Loom
11:01 Feudal Age
14:49 Castle Age
14:29 Double-Bit Axe
14:25 Horse Collar
20:26 Wheelbarrow
19:56 Heavy Plow
20:08 Bow Saw
25:39 Hand Cart
26:38 Ballistics
26:25 Scale Barding Armor
28:38 Caravan
30:39 Husbandry
35:39 Imperial Age
33:34 Bloodlines
33:40 Forging
34:26 Gold Mining
35:08 Chain Barding Armor
35:24 Iron Casting
37:08 Crop Rotation
37:40 Chemistry
36:46 Siege Engineers
37:17 Plate Barding Armor
36:06 Heavy Scorpion
37:14 Double Crossbow
38:51 Gold Shaft Mining
38:51 Conscription
38:34 Tusk Swords
40:09 Blast Furnace
38:52 Light Cavalry
41:30 Elite Battle Elephant
45:12 Hussar
46:51 Murder Holes
47:07 Fortified Wall
lerbismancillag
0:30 Loom
11:11 Feudal Age
12:07 Horse Collar
13:17 Double-Bit Axe
14:25 Wheelbarrow
18:21 Castle Age
16:53 Gold Mining
16:30 Champi Runner
16:56 Arson
19:18 Stone Mining
19:39 Fletching
19:42 Champi Warrior
20:23 Squires
20:34 Heavy Plow
24:47 Hand Cart
24:54 Bow Saw
28:26 Padded Archer Armor
30:14 Gold Shaft Mining
29:48 Bodkin Arrow
30:26 Town Watch
32:00 Caciques
32:54 Town Patrol
35:52 Imperial Age
33:50 Leather Archer Armor
33:36 Scale Mail Armor
34:12 Ballistics
33:33 Treadmill Crane
35:00 Crossbowman
36:24 Forging
36:29 Chain Mail Armor
36:42 Curare
37:00 Conscription
38:03 Two-Man Saw
37:49 Hoardings
37:09 Elite Blackwood Archer
37:41 Pikeman
37:46 Elite Champi Warrior
39:34 Chemistry
38:26 Capped Ram
39:31 Bracer
40:02 Halberdier
40:23 Onager
44:39 Ring Archer Armor
44:39 Plate Mail Armor
44:45 Iron Casting
49:51 Elite Ibirapema Warrior
camilo.tuma.tuma
0:46 Loom
12:55 Feudal Age
13:30 Double-Bit Axe
13:43 Gold Mining
15:44 Man-at-Arms
16:07 Horse Collar
18:43 Wheelbarrow
20:43 Town Watch
25:47 Castle Age
24:19 Bloodlines
24:16 Scale Mail Armor
25:53 Town Watch
26:49 Hand Cart
27:22 Heavy Plow
27:37 Bow Saw
27:26 Stone Mining
29:42 Town Patrol
30:47 Stone Shaft Mining
30:50 Gold Shaft Mining
30:29 Forging
30:35 Chain Mail Armor
31:08 Grand Trunk Road
31:37 Murder Holes
32:03 Ballistics
36:14 Husbandry
36:32 Fortified Wall
36:40 Squires
36:26 Arson
36:02 Long Swordsman
36:04 Pikeman
37:05 Fletching
44:02 Imperial Age
48:08 Conscription
47:17 Elite Ghulam
47:29 Heavy Camel Rider
50:01 Chemistry
49:23 Elite Skirmisher
53:24 Imperial Camel Rider
Connection lost

Rejoining the realm…

Still unreachable

The connection could not be restored.

Session expired

The server has moved on; the page needs a fresh start.